 Dungeon Crawl Stone Soup version 0.30-a0-808-g6e0788376e (webtiles) character file.

Game seed: 687957119857625568

31089 Jeffwins the Skirmisher (level 13, -18/79 HPs)
             Began as a Human Wanderer on Feb 26, 2023.
             Was an Elder of Vehumet.
             Demolished by an ironbound frostheart (22 damage)
             ... in an ice cave.
             The game lasted 00:32:39 (14197 turns).

Jeffwins the Skirmisher (Human Wanderer)           Turns: 14197, Time: 00:32:40

Health: -18/79     AC:  9    Str:  9    XL:     13   Next: 93%
Magic:  17/17      EV: 27    Int: 17    God:    Vehumet [****..]
Gold:   1861       SH:  0    Dex: 17    Spells: 1/18 levels left

rFire   . . .      SeeInvis .    c - +3 quarterstaff (spect)
rCold   . . .      Faith    .    (shield currently unavailable)
rNeg    . . .      Spirit   .    G - +0 troll leather armour
rPois   .          Reflect  .    y - +2 hat
rElec   .          Harm     .    J - +0 cloak
rCorr   .          Rampage  .    N - +0 pair of gloves
Will    .....                    Q - +0 pair of boots
Stlth   +++                      (no amulet)
HPRegen 1.13/turn                e - +5 ring of evasion
MPRegen 0.15/turn                E - +5 ring of evasion

@: no status effects
A: no striking features
a: Renounce Religion


You were in an ice cave.
You worshipped Vehumet.
Vehumet was greatly pleased with you.
You visited 2 branches of the dungeon, and saw 14 of its levels.
You also visited: Ice Cave.

You collected 2416 gold pieces.
You spent 555 gold pieces at shops.


   Skills:
 - Level 5.7(8.1) Polearms
 + Level 8.9(9.7) Staves
 - Level 11.0 Ranged Weapons
 + Level 9.9 Dodging
 - Level 5.0 Stealth
 * Level 3.0 Spellcasting
 * Level 1.4 Conjurations
 * Level 3.5 Transmutations
 * Level 3.8 Fire Magic
 * Level 4.2 Ice Magic
 * Level 4.8 Air Magic
 * Level 3.6 Poison Magic
 + Level 10.2 Evocations


You had one spell level left.
You knew the following spells:

 Your Spells              Type           Power      Damage    Failure   Level
c - Freezing Cloud        Conj/Ice/Air   7%         6-21      36%         5
f - Ozocubu's Refrigerat  Ice            8%         4d9       100%        7
x - Ignite Poison         Fire/Tmut/Pois 15%        N/A       4%          3
z - Poisonous Vapours     Pois/Air       34%        N/A       1%          2

Your spell library contained the following spells:

 Spells                   Type           Power      Damage    Failure   Level
 Shock                    Conj/Air       52%        1d6       1%          1
 Magic Dart               Conj           28%        1d4       4%          1
 Summon Small Mammal      Summ           8%         N/A       24%         1
 Static Discharge         Conj/Air       26%        2-4/arc   2%          2
 Searing Ray              Conj           14%        2d5       5%          2
 Kindle Blastsparks       Fire/Tloc/Air  24%        2d12      6%          3
 Wereblood                Tmut           14%        N/A       9%          2
 Airstrike                Air            9%         2d(2-18)  9%          4
 Swiftness                Air            19%        N/A       10%         3
 Cigotuvi's Dreadful Rot  Necr/Pois/Air  24%        N/A       12%         2
 Vhi's Electric Charge    Tloc/Air       20%        N/A       26%         3
 Sublimation of Blood     Necr           2%         N/A       36%         2
 Fulminant Prism          Conj/Hex       2%         3d5       41%         4
 Call Canine Familiar     Summ           2%         N/A       58%         3
 Gell's Gravitas          Tloc           2%         N/A       58%         3
 Portal Projectile        Hex/Tloc       4%         N/A       58%         3
 Summon Guardian Golem    Hex/Summ       2%         N/A       58%         3
 Teleport Other           Tloc           2%         N/A       58%         3
 Dispersal                Tloc           1%         N/A       100%        6
 Summon Hydra             Summ           1%         N/A       100%        7
 Disjunction              Tloc           1%         N/A       100%        8

Inventory:

Hand Weapons
 a - a +0 arbalest
 b - a +0 spear of venom
 c - a +3 spectral quarterstaff (weapon)
 d - a +0 shortbow
 K - a +4 heavy quarterstaff
Missiles
 g - 19 poisoned darts
 x - a throwing net {=f}
Armour
 r - a +2 leather armour of fire resistance
 y - a +2 hat (worn)
 G - a +0 troll leather armour (worn)
 J - a +0 cloak (worn)
 N - a +0 pair of gloves (worn)
 Q - a +0 pair of boots (worn)
 X - the +4 leather armour of Gravity {Int+3}
   (You bought it in a shop on level 11 of the Dungeon)

   Int:       It affects your intelligence (+3).
Magical Staves
 S - a staff of earth
Jewellery
 e - a +5 ring of evasion (left hand)
 f - a ring of protection from fire
 v - a ring of see invisible
 C - a ring of ice
 E - a +5 ring of evasion (right hand)
 F - a ring of protection from fire
 I - a +6 ring of intelligence
 P - a ring of poison resistance
 W - a ring of magical power
 Z - a ring of wizardry
Wands
 h - a wand of iceblast (1)
 s - a wand of charming (4)
 t - a wand of flame (42)
 M - a wand of polymorph (6)
Scrolls
 j - 3 scrolls of blinking
 k - 2 scrolls of magic mapping
 n - 3 scrolls of amnesia
 u - a scroll of enchant armour
 z - 2 scrolls of vulnerability {!r}
 B - 2 scrolls of enchant weapon
 L - 2 scrolls of poison {!r}
 O - 3 scrolls of teleportation {@r4}
 R - a scroll of brand weapon
 V - a scroll of fear
 Y - 2 scrolls of identify {@r1}
Potions
 i - 2 potions of brilliance {unknown}
 l - 5 potions of might
 m - 11 potions of curing {@q1}
 o - 2 potions of degeneration {unknown}
 p - 3 potions of cancellation {unknown}
 q - 4 potions of heal wounds {@q2}
 w - 2 potions of haste {unknown}
 A - 4 potions of flight {unknown}
 D - 2 potions of magic {unknown}
 H - 4 potions of mutation {unknown}
 T - a potion of attraction {unknown}
 U - 2 potions of invisibility

Dungeon Overview and Level Annotations

Branches:
Dungeon (13/15)            Temple (1/1) D:7            Lair (0/5) D:9
    Orc (0/2) D:11          IceCv (1/1)
 Vaults: D:13-14

Altars:
Ashenzari
Cheibriados
Dithmenos
Elyvilon
Fedhas
Gozag
Hepliaklqana
Kikubaaqudgha
Makhleb
Okawaru
Qazlal
Ru
Sif Muna
Trog
Uskayaw
Vehumet
Wu Jian
Xom
Yredelemnul
The Shining One

Shops:
D:6 (   D:9 *   D:11 (=?[:

Annotations:
D:10 6 transporters

####...## ###.
##...#### ##
###....#######
###...#....#### ###
###....##...##
##.###### #########..#
###.#.#..[## ###...##
#..###p{...# ##....##
###..##@..######....##
#YY.##..#####.....###
#hpp###..####.....##


#Y.Yh ##...#....### ##.YY ###...#### ###. ##### $. [# You could see an ironbound
frostheart and a friendly +3 spectral quarterstaff (summoned).


Message History

You start resting.
HP restored.
The ironbound frostheart shouts!
You hear a bellow! x3
The ironbound frostheart calls freezing cold from the walls.
The frost grips you!!
You are encased in ice.
You hear a bellow!
You see here a death yak corpse.
You hit the ironbound frostheart.
The ironbound frostheart is lightly wounded.
Your +3 spectral quarterstaff hits the ironbound frostheart!
The ironbound frostheart misses you.
You hit the ironbound frostheart.
The ironbound frostheart is heavily wounded.
Your +3 spectral quarterstaff hits the ironbound frostheart!
The ironbound frostheart touches you! The ironbound frostheart freezes you!!
* * * LOW HITPOINT WARNING * * *
You are too injured to fight recklessly!
You hit the ironbound frostheart.
The ironbound frostheart is severely wounded.
Your +3 spectral quarterstaff hits the ironbound frostheart.
The ice encasing you melts away. The ironbound frostheart misses you.
You hit the ironbound frostheart but do no damage.
The ironbound frostheart is severely wounded.
Your +3 spectral quarterstaff hits the ironbound frostheart.
The ironbound frostheart touches you!
* * * LOW HITPOINT WARNING * * *
The ironbound frostheart freezes you!!
You die...

Skill      XL: |  1  2  3  4  5  6  7  8  9 10 11 12 13 |
---------------+----------------------------------------+-----
Polearms       | 1 2 3 4 5 |  5.7
Stealth        | 3 4 5 |  5.0
Evocations     | 2 3 4 5 7 8 9 10 | 10.2
Ranged Weapons | 5 6 7 8 10 11 | 11.0
Dodging        | 1 3 5 6 8 9 |  9.9
Staves         | 3 5 7 8 |  8.9
Ice Magic      | 1 4 |  4.2
Fire Magic     | 1 3 |  3.8
Transmutations | 3 |  3.5
Poison Magic   | 3 |  3.6
Spellcasting   | 3 |  3.0
Air Magic      | 4 |  4.8
Conjurations   | 1 |  1.4

Action                     |  1- 3 |  4- 6 |  7- 9 | 10-12 | 13-15 || total
---------------------------+-------+-------+-------+-------+-------++-------
  Melee: Spear             |    28 |     9 |   176 |    18 |       ||   231
         Punch             |       |     1 |     3 |       |       ||     4
         Quarterstaff      |       |       |    60 |   411 |   185 ||   656
   Fire: Shortbow          |    65 |    74 |   316 |       |       ||   455
         Arbalest          |       |       |       |    64 |       ||    64
   Cast: Poisonous Vapours |       |       |       |       |    46 ||    46
         Ignite Poison     |       |       |       |       |    11 ||    11
  Evoke: Wand              |       |     3 |     1 |    14 |     9 ||    27
    Use: Potion            |     1 |       |       |     1 |       ||     2
         Scroll            |       |       |       |    12 |     1 ||    13
   Stab: Distracted        |       |       |     3 |     9 |     3 ||    15
         Sleeping          |       |       |     1 |     3 |       ||     4
 Armour: Robe              |    12 |     1 |    50 |       |       ||    63
         Leather armour    |     2 |     8 |       |       |       ||    10
         Troll leather arm |       |       |     5 |    98 |    17 ||   120
  Dodge: Dodged            |    26 |    12 |   271 |   503 |   255 ||  1067

Levels and vault maps discovered:
D:1:      spicycebolla_arrival_xxxplode, layout_loops_ring, serial_glass,
          glass_columns_a, glass_columns_a, skrybe_limestone_x
D:2:      kennysheep_the_goblin_king, layout_basic, serial_corexii_hall,
          chequers_hall_statues_corner_a, chequers_hall_statues_y,
          serial_bayou_pond_e, serial_bayou_crossing
D:3:      layout_basic, serial_co_window_serial, co_window_corner_a,
          co_window_paths_a, co_window_of_opportunity_a, co_window_paths_b,
          co_window_of_opportunity_a, co_window_corner_ca, co_window_cross_2,
          co_window_corner_cb, co_window_broadway_b, co_window_broadway_b,
          co_window_paths_d, glass_columns_a, chequers_garden, uniq_sigmund
D:4:      lemuel_castle_with_subvaults [lemuel_castle_interior_original],
          layout_rooms, mainiacjoe_overflow_paths, minitemple
D:5:      layout_cave_pods
D:6:      layout_loops_ring, mainiacjoe_overflow_alcove_1, old_standard_altar,
          chequers_temple_overflow_minitemple, serial_shops,
          nicolae_shop_advertising_works [nicolae_subvault_shop_adworks],
          minmay_puff
D:7:      minmay_flawed_box, layout_gridville, minmay_temple_entry_antechambers,
          kennysheep_big_empty_room, uniq_joseph, uniq_duvessa, uniq_maggie
D:8:      layout_basic
D:9:      layout_roguey, marbit_many_paths, nicolae_ru_the_path_less_chosen,
          david_lair_generic, serial_shops, nicolae_stop_n_shop_1
D:10:     layout_roguey, mainiacjoe_overflow_alcove_4,
          overflow_temple_1_default, serial_nicolae_subway,
          nicolae_sub_station_stone, nicolae_sub_station_metal,
          nicolae_sub_station_crystal
D:11:     layout_cave_pods, zombieorc2_lemuel, serial_shops, shop_statue,
          nicolae_square_shop, nicolae_take_the_stairs, nicolae_shop_waterfront,
          nicolae_shop_window_shopping
D:12:     minmay_the_grid_square_5x5_5x5 [minmay_the_grid_square_5x5_v,
          minmay_the_grid_square_5x5_hollow_slash,
          minmay_the_grid_square_5x5_shrine2,
          minmay_the_grid_square_5x5_bracketed,
          minmay_the_grid_square_5x5_broken_cross, minmay_the_grid_square_5x5_c,
          minmay_the_grid_square_5x5_prize_gold,
          minmay_the_grid_square_5x5_tetrominoes,
          minmay_the_grid_square_5x5_prize_snowflake,
          minmay_the_grid_square_5x5_minivault,
          minmay_the_grid_square_5x5_detours, minmay_the_grid_square_5x5_spiral,
          minmay_the_grid_square_5x5_prize_open,
          minmay_the_grid_square_5x5_eight_small,
          minmay_the_grid_square_5x5_slash, minmay_the_grid_square_5x5_minimal,
          minmay_the_grid_square_5x5_prize_open,
          minmay_the_grid_square_5x5_tri_point,
          minmay_the_grid_square_5x5_prize_waves,
          minmay_the_grid_square_5x5_two_walls_a,
          minmay_the_grid_square_5x5_n_small, minmay_the_grid_square_5x5_empty,
          minmay_the_grid_square_5x5_bridge,
          minmay_the_grid_square_5x5_sharp_hourglass,
          minmay_the_grid_square_5x5_longway], layout_gridville, bloody_trog
D:13:     layout_cave_pods, skrybe_vaults_entry_preservation, serial_ice,
          serial_ice_e, serial_ice_l, serial_ice_c, serial_ice_m,
          portal_ice_cave_entry_pillars_1, kennysheep_four_rooms, uniq_snorg,
          uniq_sonja, uniq_rupert
Temple:   chequers_temple_sunken
IceCv:    ice_cave_caverns_01

Notes
Turn   | Place    | Note
-------+----------+-------------------------------------------
     0 | D:1      | Jeffwins the Human Wanderer began the quest for the Orb.
     0 | D:1      | Jeffwins set off with the following items: a +0 shortbow, a
                  | +0 pair of gloves, a scroll of vulnerability {!r}, a +0
                  | robe; and the following spells available to memorise:
                  | Static Discharge, Cigotuvi's Dreadful Rot.
     0 | D:1      | Reached XP level 1. HP: 13/13 MP: 2/2
    56 | D:1      | Reached XP level 2. HP: 19/19 MP: 3/3
   266 | D:1      | Reached skill level 1 in Polearms
   332 | D:1      | Reached XP level 3. HP: 24/24 MP: 4/4
  1041 | D:2      | Noticed Ijyb
  1106 | D:1      | Killed Ijyb
  1107 | D:1      | Reached skill level 3 in Stealth
  1107 | D:1      | Reached XP level 4. HP: 30/30 MP: 5/5
  1405 | D:2      | Reached skill level 2 in Polearms
  1689 | D:3      | Reached XP level 5. HP: 28/35 MP: 6/6
  1894 | D:3      | Reached skill level 1 in Evocations
  2034 | D:3      | Noticed Sigmund
  2046 | D:3      | Killed Sigmund
  2047 | D:3      | Reached skill level 5 in Ranged Weapons
  2047 | D:3      | Reached skill level 4 in Stealth
  2047 | D:3      | Reached skill level 2 in Evocations
  2047 | D:3      | Reached XP level 6. HP: 21/41 MP: 7/7
  2268 | D:3      | Reached skill level 3 in Polearms
  2749 | D:4      | Noticed an ogre
  2886 | D:4      | Killed an ogre
  2887 | D:4      | Reached XP level 7. HP: 46/46 MP: 8/8
  3165 | D:4      | Reached skill level 1 in Dodging
  3325 | D:4      | Found a shimmering blue altar of Sif Muna.
  3614 | D:4      | Reached skill level 3 in Evocations
  3814 | D:4      | Found an opulent altar of Gozag.
  3817 | D:4      | Found a hazy altar of Hepliaklqana.
  3978 | D:4      | Reached XP level 8. HP: 51/52 MP: 9/9
  4134 | D:4      | Reached skill level 5 in Stealth
  4141 | D:4      | Reached skill level 2 in Dodging
  4224 | D:4      | Reached skill level 4 in Polearms
  4514 | D:5      | Entered Level 5 of the Dungeon
  4534 | D:5      | Reached skill level 6 in Ranged Weapons
  5088 | D:5      | Reached skill level 3 in Dodging
  5088 | D:5      | Reached skill level 4 in Evocations
  5671 | D:6      | Found Qaruakh's Weapon Shoppe.
  5732 | D:6      | Reached XP level 9. HP: 53/57 MP: 10/10
  5770 | D:6      | Reached skill level 5 in Polearms
  5892 | D:6      | Bought a +3 spectral quarterstaff for 324 gold pieces
  6036 | D:6      | Noticed a troll
  6050 | D:6      | Reached skill level 4 in Dodging
  6087 | D:6      | Reached skill level 1 in Staves
  6234 | D:6      | Reached skill level 5 in Evocations
  6279 | D:6      | Found an iron altar of Okawaru.
  6279 | D:6      | Found a basalt altar of Yredelemnul.
  6415 | D:6      | Found a faded altar of an unknown god.
  6420 | D:6      | Found a shadowy altar of Dithmenos.
  6422 | D:6      | Found a faded altar of an unknown god.
  6481 | D:6      | Killed a troll
  6482 | D:6      | Reached skill level 7 in Ranged Weapons
  6653 | D:6      | Reached skill level 2 in Staves
  6751 | D:6      | Found a blossoming altar of Fedhas.
  6919 | D:6      | Found a glowing golden altar of the Shining One.
  6963 | D:7      | Noticed Joseph
  6984 | D:7      | Killed Joseph
  6985 | D:7      | Reached skill level 3 in Staves
  6985 | D:7      | Reached skill level 5 in Dodging
  6985 | D:7      | Reached XP level 10. HP: 42/63 MP: 11/11
  7090 | D:7      | Reached skill level 6 in Evocations
  7221 | D:7      | Reached skill level 8 in Ranged Weapons
  7295 | D:7      | Reached skill level 4 in Staves
  7367 | D:7      | Noticed Maggie
  7372 | D:7      | Killed Maggie
  7447 | D:7      | Found a staircase to the Ecumenical Temple.
  7576 | Temple   | Entered the Ecumenical Temple
  7603 | Temple   | Became a worshipper of Vehumet
  7687 | D:7      | Noticed Duvessa
  7687 | D:7      | Noticed Dowan
  7704 | D:7      | Killed Duvessa
  7705 | D:7      | Reached skill level 6 in Dodging
  7707 | D:7      | Killed Dowan
  8880 | D:9      | Found a staircase to the Lair.
  8880 | D:9      | Noticed an elephant
  8901 | D:9      | Reached skill level 7 in Evocations
  8934 | D:9      | Reached skill level 5 in Staves
  8953 | D:8      | Killed an elephant
  8983 | D:9      | Found Nopur's General Store.
  8990 | D:9      | Reached * piety under Vehumet
  8990 | D:9      | Offered knowledge of Magic Dart by Vehumet.
  8991 | D:9      | Reached XP level 11. HP: 51/68 MP: 12/12
  9019 | D:9      | Bought a scroll of poison for 56 gold pieces
  9019 | D:9      | Bought a scroll of identify for 28 gold pieces
  9152 | D:9      | Noticed a two-headed ogre
  9161 | D:9      | Killed a two-headed ogre
  9162 | D:9      | Reached skill level 9 in Ranged Weapons
  9162 | D:9      | Reached skill level 7 in Dodging
  9369 | D:9      | Found an ancient bone altar of Kikubaaqudgha.
  9420 | D:9      | Found a sacrificial altar of Ru.
  9615 | D:10     | Entered Level 10 of the Dungeon
  9615 | D:10     | Found a shimmering altar of Xom.
  9616 | D:10     | Found a transporter.
  9617 | D:10     | Found a transporter.
  9678 | D:10     | Found a hide-covered altar of Uskayaw.
  9746 | D:10     | Reached skill level 6 in Staves
  9861 | D:10     | Found a transporter.
  9865 | D:10     | Found a transporter.
  9979 | D:10     | Reached skill level 8 in Evocations
 10029 | D:10     | Found a transporter.
 10032 | D:10     | Found a transporter.
 10133 | D:11     | Found Oxkuel's Weapon Shoppe.
 10154 | D:11     | Noticed a cyclops
 10176 | D:11     | Killed a cyclops
 10193 | D:11     | Found a staircase to the Orcish Mines.
 10212 | D:11     | Reached ** piety under Vehumet
 10212 | D:11     | Offered knowledge of Kiss of Death by Vehumet.
 10282 | D:11     | Found Jiuru's Jewellery Boutique.
 10573 | D:11     | Found Uzet's Antique Armour Shop.
 10588 | D:11     | Bought a distressingly furry leather armour for 147 gold
                  | pieces
 10588 | D:11     | Identified the +4 leather armour of Gravity {Int+3} (You
                  | bought it in a shop on level 11 of the Dungeon)
 10663 | D:11     | Offered knowledge of Poisonous Vapours by Vehumet.
 10674 | D:11     | Learned a level 2 spell: Poisonous Vapours
 10685 | D:11     | Noticed a cyclops
 10691 | D:11     | Killed a cyclops
 10815 | D:11     | Found Husamoodd's Magic Scroll Shop.
 10851 | D:11     | Noticed a boulder beetle
 10897 | D:11     | Reached skill level 8 in Dodging
 10914 | D:11     | Killed a boulder beetle
 11135 | D:11     | Found Iryufun's Book Emporium.
 11305 | D:12     | Reached skill level 7 in Staves
 11317 | D:12     | Noticed a deep elf pyromancer
 11337 | D:12     | Noticed a deep elf pyromancer
 11342 | D:12     | Found a bloodstained altar of Trog.
 11464 | D:12     | Noticed a deep elf pyromancer
 11472 | D:12     | Killed a deep elf pyromancer
 11473 | D:12     | Reached skill level 10 in Ranged Weapons
 11473 | D:12     | Reached XP level 12. HP: 74/74 MP: 13/13
 11752 | D:12     | Reached *** piety under Vehumet
 11753 | D:12     | Reached skill level 9 in Evocations
 11837 | D:12     | Noticed a centaur warrior
 11844 | D:12     | Killed a centaur warrior
 11901 | D:12     | Reached skill level 9 in Dodging
 11975 | D:12     | Reached skill level 8 in Staves
 11987 | D:12     | Noticed an ogre mage
 11989 | D:12     | Killed an ogre mage
 12006 | D:12     | Noticed an ogre mage
 12028 | D:12     | HP: 1/74 [something/bolt of magma (33)]
 12357 | D:12     | Paralysed by an ogre mage for 2 turns
 12370 | D:12     | Killed an ogre mage
 12378 | D:12     | Got Sif Muna's Quarto of Places
 12386 | D:12     | Got the Quarto of Correspondence and the Snowflakes
 12403 | D:12     | Learned a level 7 spell: Ozocubu's Refrigeration
 12415 | D:12     | Noticed a six-headed hydra
 12424 | D:12     | Killed a six-headed hydra
 12425 | D:12     | Reached skill level 1 in Ice Magic
 12438 | D:12     | Offered knowledge of Ignite Poison by Vehumet.
 12443 | D:12     | Learned a level 3 spell: Ignite Poison
 12468 | D:12     | Noticed a two-headed ogre
 12480 | D:12     | Killed a two-headed ogre
 12481 | D:12     | Reached skill level 1 in Fire Magic
 12481 | D:12     | Reached XP level 13. HP: 58/79 MP: 15/15
 12484 | D:12     | Reached skill level 1 in Transmutations
 12484 | D:12     | Reached skill level 2 in Ice Magic
 12484 | D:12     | Reached skill level 1 in Poison Magic
 12491 | D:12     | Reached skill level 11 in Ranged Weapons
 12681 | D:12     | Noticed a five-headed hydra
 12694 | D:12     | Reached skill level 2 in Spellcasting
 12694 | D:12     | Reached skill level 2 in Fire Magic
 12695 | D:12     | Killed a five-headed hydra
 12696 | D:12     | Reached skill level 2 in Poison Magic
 12711 | D:12     | Reached skill level 2 in Transmutations
 12711 | D:12     | Reached skill level 10 in Evocations
 12751 | D:12     | Noticed a centaur warrior
 12761 | D:12     | Killed a centaur warrior
 12762 | D:12     | Reached skill level 3 in Ice Magic
 13024 | D:13     | Reached skill level 4 in Air Magic
 13060 | D:13     | Found a frozen archway.
 13140 | IceCv    | Entered an ice cave
 13168 | IceCv    | Reached **** piety under Vehumet
 13169 | IceCv    | Reached skill level 3 in Fire Magic
 13370 | IceCv    | Reached skill level 3 in Poison Magic
 13596 | IceCv    | Reached skill level 3 in Transmutations
 13632 | IceCv    | Offered knowledge of Freezing Cloud by Vehumet.
 13659 | IceCv    | Learned a level 5 spell: Freezing Cloud
 14034 | IceCv    | Reached skill level 4 in Ice Magic
 14037 | IceCv    | Reached skill level 1 in Conjurations
 14147 | IceCv    | Noticed an ironbound frostheart
 14147 | IceCv    | Noticed an ironbound frostheart
 14176 | IceCv    | Reached skill level 3 in Spellcasting
 14197 | IceCv    | HP: 4/79 [ironbound frostheart (8)]
 14197 | IceCv    | Demolished by an ironbound frostheart

Vanquished Creatures
  2 hydras (D:12)
  2 centaur warriors (D:12)
  2 ogre magi (D:12)
  A boulder beetle (D:11)
  2 two-headed ogres
  2 death yaks (IceCv)
  2 tengu warriors (D:13)
  3 deep elf pyromancers (D:12)
  A wolf spider (D:12)
  7 cyclopes
  2 manticores (D:12)
  3 ugly things
  An elephant (D:8)
  Joseph (D:7)
  2 gargoyles (D:12)
  An ice statue (IceCv)
  Maggie (D:7)
  A kobold demonologist (D:12)
  A rime drake (IceCv)
  2 freezing wraiths (D:12)
  A komodo dragon (D:13)
  A tengu conjurer (D:12)
  3 trolls
  5 polar bears (IceCv)
  A slime creature (D:12)
  A centaur simulacrum (D:12)
  Sigmund (D:3)
  4 wraiths (D:12)
  A shadow (D:12)
  23 yaks
  3 basilisks
  2 steam dragons
  A vampire mosquito (D:12)
  Duvessa (D:7)
  An acid dragon (D:9)
  3 orc warriors
  2 water moccasins
  A sky beast (D:8)
  An ice beast (D:6)
  4 black bears
  3 ogres
  14 wolves
  4 phantoms
  12 centaurs
  3 bullfrogs
  2 gnoll sergeants
  2 scorpions
  A troll zombie (D:11)
  4 wights
  Dowan (D:7)
  13 killer bees
  3 electric eels (D:7)
  7 howler monkeys
  8 orc priests
  A gnoll bouda (D:4)
  2 hounds
  A jelly (D:7)
  4 iguanas
  Ijyb (D:1)
  18 orc wizards
  7 ogre zombies (D:11)
  17 gnolls
  8 adders
  2 shadow imps (D:6)
  3 white imps
  2 ufetubi (D:6)
  2 worms (D:3)
  2 dart slugs
  59 orcs
  4 bats
  6 endoplasms
  6 giant cockroaches
  9 goblins
  4 hobgoblins
  14 jackals
  5 ball pythons
  4 frilled lizards
  3 goblin skeletons (D:11)
  3 hobgoblin skeletons (D:11)
  2 hobgoblin zombies (D:11)
  7 kobolds
  An orc skeleton (D:11)
  16 orc zombies (D:11)
  3 rats
392 creatures vanquished.

Vanquished Creatures (others)
  A fungus (D:4)
  5 plants
6 creatures vanquished.

Grand Total: 398 creatures vanquished

Table legend: (Time is in decaauts)
 A = Elapsed time spent in this place.
 B = Non-inter-level travel time spent in this place.
 C = Inter-level travel time spent in this place.
 D = Time resting spent in this place.
 E = Time spent auto-exploring this place.
 F = Levels seen in this place.
 G = Mean time per level.
                   A        B        C        D        E       F      G
               +--------+--------+--------+--------+--------+-----+--------+
         Total |  14237 |  13554 |    683 |    986 |   9323 |  15 |  949.1 |
       Dungeon |  13171 |  12497 |    674 |    750 |   8794 |  13 | 1013.2 |
        Temple |     38 |     29 |      9 |      0 |     17 |   1 |   38.0 |
      Ice Cave |   1028 |   1028 |      0 |    235 |    511 |   1 | 1028.0 |
               +--------+--------+--------+--------+--------+-----+--------+

Top non-repeatable levels by time:
     D:4: 1825 daAuts
    D:12: 1740 daAuts
     D:6: 1453 daAuts
     D:7: 1308 daAuts
     D:3: 1181 daAuts
    D:11: 1138 daAuts
   IceCv: 1028 daAuts
     D:5: 969 daAuts
     D:1: 889 daAuts
     D:9: 744 daAuts
     D:2: 731 daAuts
     D:8: 576 daAuts
    D:10: 480 daAuts
    D:13: 130 daAuts
  Temple: 38 daAuts

Table legend:
 A = Non-vault XP
 B = Vault XP
 C = Vault XP percentage of total XP
 D = Non-vault monster count
 E = Vault monster count
 F = Vault count percentage of total count
                 A         B        C        D         E       F
            +---------+---------+-------+---------+---------+-------
      Total |   12947 |   31467 |  70.8 |     190 |     202 |  51.5
            +---------+---------+-------+---------+---------+-------
        D:1 |      38 |      36 |  48.6 |      21 |       1 |   4.5
        D:2 |      41 |      12 |  22.6 |      13 |       6 |  31.6
        D:3 |      81 |     210 |  72.2 |      15 |       1 |   6.2
        D:4 |     181 |     671 |  78.8 |       7 |      52 |  88.1
        D:5 |     527 |       0 |   0.0 |      14 |       0 |   0.0
        D:6 |    1071 |     736 |  40.7 |      24 |       6 |  20.0
        D:7 |     781 |    1317 |  62.8 |      27 |      14 |  34.1
        D:8 |     553 |     522 |  48.6 |       9 |       1 |  10.0
        D:9 |    1951 |     657 |  25.2 |      17 |       4 |  19.0
       D:10 |    1192 |       0 |   0.0 |      17 |       0 |   0.0
       D:11 |    3083 |     618 |  16.7 |      15 |      36 |  70.6
       D:12 |    1501 |   17033 |  91.9 |       8 |      39 |  83.0
       D:13 |    1947 |     121 |   5.9 |       3 |       2 |  40.0
      IceCv |       0 |    9534 | 100.0 |       0 |      40 | 100.0
            +---------+---------+-------+---------+---------+-------
